[Event "*** Titled Tuesday 3|2 Blitz"]
[Site "Chess.com"]
[Date "2015.12.01"]
[Round "3"]
[White "jefferyx"]
[Black "Boryboy"]
[Result "0-1"]
[WhiteElo "2560"]
[BlackElo "2531"]
[TimeControl "180+2"]
[EndTime "17:37:01 PST"]
[Termination "Boryboy won by resignation"]

1. d4 e6 2. c4 d5 3. Nc3 Nf6 4. Bg5 Nbd7 5. cxd5 exd5 6. e3 c6 7. Bd3 Be7 8. Nge2 h6 9. Bh4 Nh5 10. Bxe7 Qxe7 11. Rb1 O-O 12. b4 Nhf6 13. O-O a6 14. a4 b5 15. Ng3 Nb6 16. Re1 Be6 17. Qc2 Nc4 18. Nf1 Na3 19. Qa2 Nxb1 20. Rxb1 a5 21. bxa5 b4 22. Nd1 Rxa5 23. Nd2 Rfa8 24. Nb2 Ne4 25.
Nxe4 dxe4 26. Bc4 Bxc4 27. Qxc4 R5a6 28. Rc1 Qd6 29. Qb3 Rb8 30. Rc5 Qe6 31. Qxe6 fxe6 32. Kf1 b3 33. Ke2 Kf7 34. Kd2 Ke7 35. Kc3 Rf8 36. Nd1 Rxa4 37. Kxb3 Ra1 38. Nc3 Rxf2 39. Rxc6 Rxg2 40. Rc7+ Kd8 41. Rf7 Re1 42. Kc4 Rxe3 43. d5 Rc2 0-1

[Event "*** Titled Tuesday 3|2 Blitz"]
[Site "Chess.com"]
[Date "2015.12.01"]
[Round "3"]
[White "Alliswell998"]
[Black "Anton_Demchenko"]
[Result "1-0"]
[WhiteElo "2141"]
[BlackElo "2646"]
[TimeControl "180+2"]
[EndTime "17:37:10 PST"]
[Termination "Alliswell998 won by resignation"]

1. e4 e5 2. Nf3 Nc6 3. Bc4 Nf6 4.
d3 Be7 5. Bb3 O-O 6. O-O d6 7.
c3 Kh8 8. Nbd2 Ng8 9. Re1 f5 10.
exf5 Bxf5 11. Qe2 Qd7 12. h3 Rae8 13. Nf1 Bd8 14. Ng3 Bg6 15. Be3 a6 16. Rad1 Nf6 17. Nh4 Bf7 18. Nf3 Nd5 19. Ne4 Nxe3 20. Qxe3 Bh5 21.
Ned2 d5 22. Rc1 Bg6 23. Qc5 e4 24. dxe4 dxe4 25. Nd4 Be7 26. Qd5 Qxd5 27. Bxd5 Nxd4 28. cxd4 Bb4 29. Re2 c6 30. Bb3 Bh5 31. g4 Bg6 32. Nc4 Rd8 33. Rd1 Bf7 34. Rxe4 Bd5 35. Re5 h6 36.
Ne3 Bf3 37. Rc1 Rxd4 38. Nf5 Rd2 39. Nh4 Rxb2 40. Ng6+ Kh7 41. Nxf8+ Bxf8 42. Rf5 Ba3 43. Rxf3 Rxb3 44. Rxb3 Bxc1 45. Rxb7 a5 46. Rc7 Bd2 47. Rxc6 Kg8 48. a4 Kf7 49. f3 Bb4 50. Kf1 Kg8 51. Ke2 Kf7 52. Kd3 Be1 53. Ra6 Ke7 54. Kc4 Kf7 55. Kb5 Ke7 56. Rxa5 1-0

[Event "*** Titled Tuesday 3|2 Blitz"]
[Site "Chess.com"]
[Date "2015.12.01"]
[Round "3"]
[White "adypady02"]
[Black "ItalianMachine"]
[Result "1-0"]
[WhiteElo "2495"]
[BlackElo "2227"]
[TimeControl "180+2"]
[EndTime "17:37:26 PST"]
[Termination "adypady02 won by resignation"]

1. e4 e5 2. Nf3 Nc6 3. Bb5 a6 4. Ba4 Nf6 5. O-O b5 6. Bb3 Be7 7. d3 O-O 8. a3 d6 9. Nc3 Na5 10.
Ba2 c5 11. b4 Nc6 12. Nd5 Nxd5 13. Bxd5 Qc7 14. bxc5 dxc5 15. Bb2 Bg4 16. Bxc6 Bxf3 17.
Qxf3 Qxc6 18. Bxe5 Rad8 19. Qg4 f6 20. Bc3 b4 21.
Bb2 c4 22. axb4 Bxb4 23. e5 f5 24. Qxc4+ Qxc4 25. dxc4 Rc8 26. c3 Be7 27. Rxa6 Rxc4 28. Ba3 Bxa3 29. Rxa3 Rfc8 30. Rd1 Rxc3 31. Rxc3 Rxc3 32.
g3 Kf7 33. Rd7+ Kg6 34. Kg2 Rc5 35. Re7 Rc3 36. h4 h6 37. h5+ Kxh5 38. Rxg7 Rc5 39. Re7 Kg6 40. f4 Rc3 41. Kh3 Re3 42. Re6+ Kg7 43.
Rf6 Re1 44. Rxf5 Rh1+ 45. Kg4 Re1 46. Rf6 Re2 47. Kf5 Re3 48. g4 Re1 49. Ra6 h5 50.
Ra7+ Kg8 51. Kg6 1-0

[Event "*** Titled Tuesday 3|2 Blitz"]
[Site "Chess.com"]
[Date "2015.12.01"]
[Round "3"]
[White "ChadaevNikolay"]
[Black "bugsbunny444"]
[Result "1-0"]
[WhiteElo "2550"]
[BlackElo "2355"]
[TimeControl "180+2"]
[EndTime "17:37:39 PST"]
[Termination "ChadaevNikolay won by resignation"]

1. e4 e6 2. d4 d5 3. Nd2 Nf6 4. e5 Nfd7 5. Bd3 c5 6. c3 Nc6 7. Ne2 cxd4 8. cxd4 f6 9. exf6 Nxf6 10. O-O Bd6 11.
Nf3 O-O 12. Bf4 Bxf4 13. Nxf4 Qd6 14. Ne2 Bd7 15. Qd2 Ng4 16. Ng3 Rxf3 17. gxf3 Nxd4 18.
Bxh7+ Kxh7 19. Qxd4 Ne5 20. Kh1 Rf8 21. f4 Ng6 22. f5 exf5 23. f4 Rc8 24. b3 Nf8 25.
Rae1 Rc2 26. Re2 Ne6 27. Qe5 Qxe5 28. fxe5 Rxe2 29. Nxe2 g6 30. Rd1 Bc6 31. Kg1 g5 32.
Nd4 Nxd4 33. Rxd4 Kg6 34. h4 f4 35. hxg5 Kxg5 36. e6 Kf6 37. Rxf4+ Kxe6 38. Kf2 Ke5 39. Ke3 a6 40. Rh4 Kd6 41. Kd4 Ke6 42. Rh6+ Kf5 43.
Rd6 Kf4 44. Re6 Kf3 45. a4 Kf2 46. a5 Kf3 47. b4 Kf2 48. Re5 Kf3 49. Rxd5 Bxd5 50.
Kxd5 Ke3 51. Kc5 Kd3 52. Kb6 Kc4 53. Kxb7 Kb5 54. Ka7 Kxb4 55. Kxa6 1-0

[Event "*** Titled Tuesday 3|2 Blitz"]
[Site "Chess.com"]
[Date "2015.12.01"]
[Round "3"]
[White "alex_zapata"]
[Black "Colombiano07"]
[Result "0-1"]
[WhiteElo "2159"]
[BlackElo "2116"]
[TimeControl "180+2"]
[EndTime "17:38:12 PST"]
[Termination "Colombiano07 won by resignation"]

1. e4 g6 2. d4 Bg7 3. Nc3 c5 4. Be3 Qa5 5. Nf3 Nf6 6. Qd2 Ng4 7. Be2 Nxe3 8. fxe3 O-O 9. h4 Nc6 10. h5 d6 11. hxg6 hxg6 12. O-O-O Bg4 13. Kb1 Bxf3 14.
gxf3 cxd4 15. exd4 Nxd4 16. Nd5 Qd8 17. f4 Nxe2 18.
Qxe2 e6 19. Ne3 Qb6 20. Nc4 Qb5 21. a4 Qxa4 22. Nxd6 Rfd8 23. e5 Qxf4 24. Rdf1 Qxe5 25. Qxe5 Bxe5 26. Nxf7 Rd5 27. Rhg1 Kg7 28. Ng5 Re8 29.
Rf7+ Kg8 30. Rxb7 Bd4 31. Rg2 Rf5 32. Ne4 Rf7 33. Rxg6+ Kf8 34. Rxf7+ Kxf7 35. Rh6 Bg7 36. Rh5 Rd8 37. Ra5 Rd7 38. c3 Kg6 39. Ra6 Kf5 40.
Nd6+ Kf4 41. Nb5 e5 42. Nxa7 e4 43. Nc6 e3 44. Nb4 e2 45. Nc2 Rd1+ 46. Ka2 Rd2 47. Ne1 Rd1 48. Nc2 Rc1 49. Ra4+ Kf3 50. Ra7 Rxc2 51.
Rf7+ Ke3 52. Re7+ Kd2 53. Rd7+ Kc1 54. Kb3 Rxb2+ 55. Kc4 e1=Q 0-1

[Event "*** Titled Tuesday 3|2 Blitz"]
[Site "Chess.com"]
[Date "2015.12.01"]
[Round "3"]
[White "oskariot"]
[Black "JustaTrickstar"]
[Result "0-1"]
[WhiteElo "2244"]
[BlackElo "2460"]
[TimeControl "180+2"]
[EndTime "17:38:19 PST"]
[Termination "JustaTrickstar won by resignation"]

1. e4 c5 2. Nf3 Nc6 3. d4 cxd4 4. Nxd4 Nf6 5. Nc3 d6 6. Bg5 e6 7. Qd2 a6 8. O-O-O Qb6 9. Bxf6 gxf6 10. Nb3 Qc7 11.
f4 b5 12. Kb1 Bb7 13. f5 O-O-O 14. Qe3 Ne5 15. Nd4 b4 16. Na4 d5 17. exd5 exd5 18.
b3 Rg8 19. g3 h5 20. Be2 h4 21. gxh4 Rh8 22. h5 Bh6 23. Qf2 Rhe8 24. h4 Kb8 25.
Rh3 Re7 26. Kb2 Rde8 27. c3 Nd7 28. Bf1 Qe5 29. cxb4 Be3 30. Rxe3 Qxe3 31. Qxe3 Rxe3 32. Nc5 Nxc5 33. bxc5 R8e4 34. Rd2 Rxh4 35. Be2 Rxd4 36. Rxd4 Rxe2+ 37. Kc3 Rh2 38. Rg4 Rxh5 39. Rg7 Rxf5 40. Rxf7 a5 41. a3 Rf3+ 42. Kc2 d4 43.
b4 Be4+ 44. Kb2 d3 45. Kc3 Rf2 46. Rd7 Rc2+ 47. Kd4 Bf5 48. Rd6 a4 49. b5 d2 50.
Ke3 Rxc5 51. Kxd2 Rxb5 52. Rxf6 Bd7 53. Rd6 Kc7 54. Rd3 Rb3 55. Rc3+ Kb6 56. Kc2 Bf5+ 57.
Kd2 Kb5 58. Rd3 Rxd3+ 0-1

[Event "*** Titled Tuesday 3|2 Blitz"]
[Site "Chess.com"]
[Date "2015.12.01"]
[Round "3"]
[White "Hikaru"]
[Black "Dlugy"]
[Result "1/2-1/2"]
[WhiteElo "2902"]
[BlackElo "2517"]
[TimeControl "180+2"]
[EndTime "17:38:30 PST"]
[Termination "Game drawn by repetition"]

1. c4 Nf6 2. Nc3 g6 3. e4 Bg7 4. d4 d6 5. Nf3 O-O 6. Be2 e5 7. O-O exd4 8. Nxd4 Re8 9. f3 c6 10. Nc2 Be6 11. Ne3 Nh5 12. f4 Nf6 13. Bf3 Na6 14.
Qc2 Nb4 15. Qd2 a5 16. b3 Qb6 17. Bb2 Rad8 18. Kh1 h5 19. Rad1 Ng4 20. Bxg4 Bxg4 21. Nxg4 hxg4 22. Na4 Qc7 23. Bxg7 Kxg7 24. f5 Rxe4 25.
Qg5 Re5 26. Rd4 Rh8 27. Rxg4 d5 28. Rg3 Nc2 29. h3 Nd4 30. Nc3 Nxf5 31. Rgf3 Rh5 32. Qf4 d4 33. g4 Rh4 34. Nd1 Qe7 35. Nf2 Ne3 36. Rg1 c5 37. Nd3 Re4 38. Qg3 g5 39. Nf2 Re5 40. Nd3 Re4 41. Nf2 Re6 42. Qh2 Reh6 43. Qg3 f6 44. Kh2 b6 45. Re1 Qe5 46.
Qxe5 fxe5 47. Rg1 Rf6 48. Rxf6 Kxf6 49. Ne4+ Kg6 50. Rg3 Rh7 51. Rf3 Nxg4+ 52. Kg3 Ne3 53. Rf6+ Kg7 54. Rxb6 Rh4 55. Nxg5 Nf5+ 56. Kf3 Rf4+ 57.
Ke2 Ng3+ 58. Kd2 Rf2+ 59. Ke1 Re2+ 60. Kd1 e4 61. Ne6+ Kf7 62. Ng5+ Ke7 63. Rg6 d3 64. Re6+ Kd7 65. Re5 Kd6 66. Re6+ Kc7 67. Re5 Kd6 68. Re6+ Kd7 69. Re5 Kd6 1/2-1/2

[Event "*** Titled Tuesday 3|2 Blitz"]
[Site "Chess.com"]
[Date "2015.12.01"]
[Round "3"]
[White "Penguininja"]
[Black "chessbia"]
[Result "1/2-1/2"]
[WhiteElo "2182"]
[BlackElo "2087"]
[TimeControl "180+2"]
[EndTime "17:38:36 PST"]
[Termination "Game drawn by agreement"]

1. d4 d5 2. c4 dxc4 3. Nf3 a6 4. a4 Nf6 5. g3 Bg4 6. Bg2 e6 7. O-O Nbd7 8. Qc2 b5 9. axb5 axb5 10. Rxa8 Qxa8 11. Ne5 Qa6 12. Nxg4 Nxg4 13. b3 cxb3 14. Qxc7 Bd6 15. Qc3 O-O 16. Qxb3 b4 17. e3 Rc8 18. Bb2 Nb6 19. Nd2 h6 20. Bf3 Nf6 21. Ra1 Qb5 22.
Bg2 Nfd5 23. Bf1 Qc6 24. Ne4 Bf8 25. Bg2 Qc2 26. Qxc2 Rxc2 27. Rb1 Nc4 28. Bc1 Na3 29. Ra1 Nc7 30. Bf1 g5 31. Bd3 Rc6 32. Bb2 Nd5 33. h4 gxh4 34. gxh4 f5 35. Nd2 Kf7 36. Kg2 Be7 37.
h5 Nf6 38. Nf3 Bd6 39. Kf1 Nxh5 40. Ke2 Nc4 41. Bc1 Nf6 42. Rb1 Nd5 43. Bd2 Nxd2 44. Kxd2 h5 45. Bb5 Rc3 46. Be2 Ra3 47. Ne1 Ra2+ 48. Kd3 Nc3 49. Bxh5+ Ke7 50. Rb3 Rxf2 51. Nc2 Ne4 52. Be2 Rh2 53. Nxb4 Nf2+ 54. Kd2 Ng4 55.
Nc6+ Kf6 56. Kd3 Bg3 57. e4 fxe4+ 58. Kxe4 Rxe2+ 59. Kf3 Rc2 60. Kxg4 Rxc6 61. Kxg3 Rd6 62. Rb4 Kf5 63. Kf3 Rd5 64. Ke3 e5 65. dxe5 Rxe5+ 66. Kd3 1/2-1/2

[Event "*** Titled Tuesday 3|2 Blitz"]
[Site "Chess.com"]
[Date "2015.12.01"]
[Round "3"]
[White "MattyDPerrine"]
[Black "GrigorGrigorov"]
[Result "1-0"]
[WhiteElo "2269"]
[BlackElo "2515"]
[TimeControl "180+2"]
[EndTime "17:38:40 PST"]
[Termination "MattyDPerrine won by resignation"]

1. d4 Nf6 2. c4 e6 3. Nc3 Bb4 4. Qc2 c5 5. dxc5 O-O 6. Nf3 Na6 7. g3 Nxc5 8. Bg2 b6 9. O-O Bb7 10. Nb5 Nce4 11. a3 Be7 12. Ng5 d5 13. cxd5 exd5 14.
Nf3 Rc8 15. Qb1 a6 16. Nbd4 Re8 17. Bh3 Ra8 18. Be3 Bc5 19. Rc1 a5 20. b4 axb4 21. axb4 Rxa1 22. Qxa1 Bxb4 23. Qa7 Qa8 24. Qxb6 Bf8 25.
Nb5 Bc8 26. Nc7 Qa4 27. Nxe8 Bxh3 28. Nxf6+ Nxf6 29. Qd8 h6 30. Bc5 Nd7 31. Bxf8 Nxf8 32. Qxd5 Ne6 33. Rc8+ Kh7 34. Qd3+ g6 35. Rc1 Bf5 36.
Qc4 Qa7 37. Ne5 Bh3 38. Nf3 Qb7 39. Qd3 Kg7 40. Qc3+ Kh7 41. Qd3 Kg7 42. Rd1 Bf5 43. Qd7 Qb3 44. Ne5 Ng5 45. Qd4 Kh7 46. h4 Nh3+ 47.
Kg2 Qb7+ 48. f3 Qa6 49. Rd2 Be6 50. g4 Qa3 51. Kxh3 Qc1 52. Kg2 Qe1 53. Rb2 Qxh4 54.
Qf2 Qf6 55. Nd3 Qc3 56. Rb6 Qc7 57. Qc5 Qd7 58. Qe3 Qc7 59. Rxe6 fxe6 60. Qxe6 h5 61. gxh5 gxh5 62. Qf5+ Kh6 63. Nf4 Qg7+ 64. Kf2 Qg5 65. Qxg5+ Kxg5 66. Nxh5 1-0

[Event "*** Titled Tuesday 3|2 Blitz"]
[Site "Chess.com"]
[Date "2015.12.01"]
[Round "3"]
[White "kungmongmanh"]
[Black "StellarChessPro"]
[Result "1-0"]
[WhiteElo "2390"]
[BlackElo "2252"]
[TimeControl "180+2"]
[EndTime "17:38:42 PST"]
[Termination "kungmongmanh won by resignation"]

1. d4 d5 2. c4 c6 3. Nc3 Nf6 4.
Nf3 e6 5. cxd5 exd5 6. Bg5 Bf5 7. Qb3 Qb6 8. e3 Nbd7 9. Be2 Bd6 10. O-O h6 11.
Bh4 O-O 12. Qxb6 axb6 13. a3 b5 14. Bg3 Bxg3 15. hxg3 Nb6 16. Nd2 Nc4 17. Nxc4 bxc4 18. f3 Rfe8 19. Kf2 Re7 20. Rae1 Rae8 21. Bd1 b5 22.
Rh1 Bd3 23. g4 Re6 24. Rh3 Kf8 25. f4 Ne4+ 26. Nxe4 Bxe4 27. Rg3 Ke7 28. Rh1 Kd7 29. g5 hxg5 30. Rxg5 g6 31. Rh7 R8e7 32. Rh8 Bd3 33. Rg3 Kc7 34. Bg4 Rd6 35. Rc8+ Kb7 36. Rf8 Kc7 37.
Rc8+ Kb7 38. Rf8 Be4 39. Bc8+ Kc7 40. Bg4 Rd8 41. Rxd8 Kxd8 42. Rh3 Rb7 43. Rh8+ Kc7 44. Rc8+ Kb6 45. Bf3 Bd3 46. Rd8 Rc7 47. Rb8+ Ka7 48. Rd8 Kb7 49. Rd6 Re7 50. g4 Kc7 51. Rf6 Kd7 52.
f5 gxf5 53. gxf5 Kc7 54. Bh5 Re8 55. Rxf7+ Kb6 56. Bf3 b4 57. axb4 Kb5 58. Rb7+ Ka6 59. Rc7 Kb5 60. Rb7+ Ka6 61. Rf7 Kb5 62. f6 Kxb4 63.
Rb7+ Ka5 64. f7 Rf8 65. Bh5 Ka6 66. Re7 c5 67. dxc5 Kb5 68. Re8 Rxf7+ 69. Bxf7 Kxc5 70. Rb8 Be4 71. Kg3 Kd6 72. Kf4 Kc7 73. Rh8 Kd6 74. Rh6+ Kc5 75. Ke5 c3 76. bxc3 Kc4 77. Rc6+ Kd3 78.
Rh6 1-0

[Event "*** Titled Tuesday 3|2 Blitz"]
[Site "Chess.com"]
[Date "2015.12.01"]
[Round "3"]
[White "BellJackson95"]
[Black "LoggiaFelixdaMaria"]
[Result "1/2-1/2"]
[WhiteElo "2173"]
[BlackElo "2092"]
[TimeControl "180+2"]
[EndTime "17:38:52 PST"]
[Termination "Game drawn by agreement"]

1. e4 c5 2. d4 cxd4 3. Nf3 Nc6 4. c3 d6 5. cxd4 Nf6 6. d5 Nb8 7. Nc3 g6 8. e5 dxe5 9. Nxe5 Bg7 10. Bb5+ Nbd7 11. O-O O-O 12. Nxd7 Bxd7 13. Bc4 Rc8 14. Bb3 Qa5 15. Re1 Rfe8 16. Bf4 b5 17. a3 Qb6 18. Be3 Qb7 19. Bd4 a5 20. Be5 a4 21. Ba2 b4 22.
axb4 Qxb4 23. Rb1 Bf5 24. Ra1 Ne4 25. Bxg7 Kxg7 26. Qxa4 Qxa4 27. Nxa4 Nd6 28. Bb1 Bxb1 29. Raxb1 Rc2 30. b4 Ra8 31. Nc5 Raa2 32. Rf1 Nc4 33. Rbc1 Rxc1 34. Rxc1 Nb6 35. h3 Nxd5 36. Rb1 Nc3 37.
Rb3 Ne2+ 38. Kh2 Nd4 39. Rd3 Nb5 40. f3 Rb2 41. Rd7 Rxb4 42. Rxe7 h5 43. Rb7 Rb1 44.
Ne6+ Kf6 45. Nc7 Nc3 46. Ne8+ Ke6 47. Ra7 h4 48. Nc7+ Kf6 49. Ra6+ Kg7 50. Ra7 Ne2 51. Ne6+ Kf6 52. Nc5 Ng3 53. Ne4+ Nxe4 54. fxe4 Rb4 55. Ra6+ Kg5 56. e5 Re4 57. Ra7 Rxe5 58. Rxf7 Re3 59.
Rh7 Ra3 60. Rh8 1/2-1/2

[Event "*** Titled Tuesday 3|2 Blitz"]
[Site "Chess.com"]
[Date "2015.12.01"]
[Round "3"]
[White "AdrianaNikolova"]
[Black "KnightSeeSix"]
[Result "0-1"]
[WhiteElo "2177"]
[BlackElo "2175"]
[TimeControl "180+2"]
[EndTime "17:38:54 PST"]
[Termination "KnightSeeSix won by checkmate"]

1. e4 Nc6 2. d4 e5 3. d5 Nce7 4. c4 Nf6 5. Nc3 Ng6 6. Bg5 h6 7. Be3 Bb4 8. f3 O-O 9. Ne2 d6 10. g3 a6 11. Bg2 Bd7 12. a3 Bc5 13. Bxc5 dxc5 14. b4 Qe7 15. Rb1 a5 16. b5 b6 17.
O-O Nh7 18. f4 f5 19. exf5 Bxf5 20. d6 Qxd6 21. Qxd6 cxd6 22. Rbd1 Rad8 23. Nd5 Rb8 24.
Ne3 exf4 25. Nxf4 Nxf4 26. Rxf4 Be6 27. Rxf8+ Kxf8 28. Rxd6 Ke7 29. Rc6 Nf6 30. Kf2 Bd7 31. Rc7 Kd6 32. Ra7 Re8 33. Rb7 Rf8 34. Rxb6+ Kc7 35.
Rb7+ Kd6 36. Ke2 Ke5 37. Nd5 Bg4+ 38. Ke3 Bc8 39. Rxg7 Ng4+ 40. Kd3 Rf2 41. Bh3 Bf5+ 42. Kc3 a4 43. Ne3 Nxe3 44. Bxf5 Nxf5 45. Rg8 Rf3+ 46. Kb2 Rb3+ 47. Ka2 Ne3 48. Rc8 Kd4 49. Ra8 Nxc4 50. Rxa4 Rb2+ 51. Ka1 Rxb5 52. Ra8 Kc3 53. Rf8 Nxa3 54.
Rf3+ Kb4 55. Kb2 Nc4+ 56. Kc1 Rb6 57. h4 Rd6 58. g4 Ne5 59. Rg3 Rg6 60. g5 hxg5 61.
hxg5 c4 62. Kd2 Rxg5 63. Re3 Rg2+ 64. Ke1 Nd3+ 65. Kd1 Kc3 66. Rg3 Rd2# 0-1

[Event "*** Titled Tuesday 3|2 Blitz"]
[Site "Chess.com"]
[Date "2015.12.01"]
[Round "3"]
[White "Yaacovn"]
[Black "jcibarra"]
[Result "1-0"]
[WhiteElo "2635"]
[BlackElo "2510"]
[TimeControl "180+2"]
[EndTime "17:39:10 PST"]
[Termination "Yaacovn won by resignation"]

1. d4 Nf6 2. Nf3 g6 3. c4 d6 4. Nc3 Bf5 5. g3 Ne4 6. Bg2 Nxc3 7. bxc3 Be4 8. Qb3 Bg7 9. O-O O-O 10.
Ba3 b6 11. c5 Nc6 12. Rad1 Na5 13. Qa4 Qe8 14. Qb4 Qc6 15. c4 dxc5 16. dxc5 Nb7 17. cxb6 axb6 18. Bb2 Ra4 19. Qxe7 Bxb2 20. Nd4 Bxd4 21. Bxe4 Qc5 22. Qxc5 Nxc5 23. Rxd4 Rxa2 24.
Bf3 Rc2 25. Rfd1 Ne6 26. Rd7 Rxc4 27. Bd5 Rc5 28. Bxe6 fxe6 29. Re7 Rf7 30. Rxe6 b5 31. Rd8+ Kg7 32. Rb8 Rd7 33. Kg2 Kf7 34. Re3 Re7 35. Rf3+ Kg7 36. Rb3 Rxe2 37. R8xb5 Rxb5 38. Rxb5 Re8 39. Rc5 Rc8 40. Rc6 Kf7 41. Kh3 Ke7 42. Kg4 Kd7 43. Rc1 c5 44. Kg5 Ke6 45. f4 Rc7 46. g4 c4 47. f5+ gxf5 48. gxf5+ Ke5 49. Re1+ Kd5 50. f6 c3 51. Re7 Rc8 52. f7 c2 53.
Re1 Rb8 54. Kf6 Kd4 55. Kg7 Rb1 56. f8=Q Rxe1 57. Qf2+ Re3 58. Qxc2 h5 59. h4 Re4 60. Kg6 Ke5 61. Qf2 Rg4+ 62. Kxh5 Rg8 63. Qc5+ Kf6 64.
Qd6+ Kg7 65. Qe7+ Kh8 66. Kh6 1-0

[Event "*** Titled Tuesday 3|2 Blitz"]
[Site "Chess.com"]
[Date "2015.12.01"]
[Round "3"]
[White "MITerryble"]
[Black "Gabrielian_Artur"]
[Result "1-0"]
[WhiteElo "2601"]
[BlackElo "2512"]
[TimeControl "180+2"]
[EndTime "17:39:14 PST"]
[Termination "MITerryble won by resignation"]

1. d4 Nf6 2. Nf3 g6 3. Bg5 Bg7 4. Nbd2 O-O 5. c3 d6 6. e4 c5 7.
dxc5 dxc5 8. Be2 Nc6 9. O-O h6 10. Be3 b6 11. h3 Qc7 12. Re1 Bb7 13. Qc2 Rad8 14. Rad1 Nh5 15. Bf1 e6 16. a4 Ne5 17.
Be2 Nxf3+ 18. Nxf3 Nf4 19. Bf1 Kh7 20. g3 Nh5 21.
Bg2 Nf6 22. Bf4 Qc8 23. Nd2 Nh5 24. Be3 f5 25. Nc4 f4 26. gxf4 Nxf4 27. Bxf4 Rxf4 28.
Nd6 Qc7 29. Nxb7 Rxd1 30. Rxd1 Qxb7 31. Rd6 Qe7 32. Qd2 Rf7 33. Rd3 Be5 34. Rf3 Rxf3 35. Bxf3 h5 36. Kg2 Kg7 37. Be2 Qf6 38.
Bc4 Qh4 39. Qd7+ Kh6 40. Qd2+ g5 41. Qe3 Qf4 42. Qxf4 Bxf4 43. Bxe6 Bc1 44. b3 Bb2 45. c4 Bd4 46. h4 g4 47. Bf7 Bf6 48. Kg3 Be5+ 49. f4 gxf3+ 50. Kxf3 Bf6 51. Kf4 Bxh4 52. Kf5 Kg7 53. Bxh5 a5 54. e5 Bg3 55. Ke6 Bh2 56. Kd6 Kf8 57. Kc6 Bxe5 58. Kxb6 Bc3 59. Kxc5 Ke7 60. Kc6 Bb4 61. Bg4 Kd8 62. c5 Ba3 63.
Kb6 Bb4 64. c6 Bd6 65. Kxa5 1-0

[Event "*** Titled Tuesday 3|2 Blitz"]
[Site "Chess.com"]
[Date "2015.12.01"]
[Round "3"]
[White "gmjoey1"]
[Black "GianmarcoVaR"]
[Result "1/2-1/2"]
[WhiteElo "2427"]
[BlackElo "2316"]
[TimeControl "180+2"]
[EndTime "17:40:06 PST"]
[Termination "Game drawn by agreement"]

1. e4 c6 2. Nc3 d5 3. Nf3 Bg4 4. h3 Bxf3 5. Qxf3 Nf6 6. d3 e6 7. Bd2 Nbd7 8. g3 Bb4 9. Bg2 O-O 10. a3 Bd6 11. O-O b5 12. Qe2 a5 13. f4 Bc5+ 14. Kh2 dxe4 15. Nxe4 Nxe4 16. dxe4 a4 17. Rad1 Nb6 18. f5 exf5 19. Rxf5 Qe7 20. Bg5 f6 21. Bf4 Nc4 22. b3 axb3 23. cxb3 Nxa3 24. Qg4 Rad8 25. Rxd8 Rxd8 26. e5 fxe5 27. Rxe5 Qf8 28. Bxc6 Bd6 29.
Bd5+ Kh8 30. Rf5 Qe8 31. Rf7 Bf8 32. Bh6 Qe5 33. Qd7 Re8 34. Bf4 Qe2+ 35. Bg2 Nc2 36.
Qf5 Kg8 37. Qd5 Kh8 38. Bd2 Ne3 39. Bxe3 Qxe3 40. Rf3 Qb6 41. Qf7 Qd8 42. h4 Qe7 43. Qh5 g6 44. Qxb5 Bg7 45. Qc4 Rf8 46. Rxf8+ Qxf8 47.
Qd5 Qb8 48. Qf3 Be5 49. Qe3 Kg7 50. Qf3 Qd6 51. Bf1 Qd2+ 52. Be2 Qc3 53. Kg2 Qxf3+ 54. Bxf3 Kf6 55. Bd5 h5 56. Kf3 Ke7 57. Be4 Kf6 58.
Bc6 Bd6 59. Be8 Kg7 60. Kg2 Kf6 61. Kf3 Kg7 62. Bd7 Kf6 63. Bc6 Kg7 64. Be8 Kf6 65. g4 hxg4+ 66. Kxg4 Bb4 67. Bc6 Be1 68. Be4 Kg7 69.
Kg5 Bd2+ 70. Kg4 Kf6 71. Bd3 Bb4 72. Be4 Be1 73. Bc6 Bb4 74. Be8 Be1 75. Bd7 Bb4 76. Be8 Be1 77. Bb5 Bb4 78. Be2 Be1 79. Bf3 Bb4 80. Kf4 Be1 81. h5 Bd2+ 82. Ke4 gxh5 83.
Bxh5 Ke6 84. Kd3 Be1 85. Kc4 Kd6 86. Bf3 Kc7 87. Kb5 Kb8 88. Ka6 Bb4 89. Kb5 Be1 90. Kc4 Bf2 91. Kb5 Be1 92. Kc4 Kc7 93. Kb5 1/2-1/2

[Event "*** Titled Tuesday 3|2 Blitz"]
[Site "Chess.com"]
[Date "2015.12.01"]
[Round "3"]
[White "IM_Chessbrain"]
[Black "pedromartinez91"]
[Result "0-1"]
[WhiteElo "2167"]
[BlackElo "2184"]
[TimeControl "180+2"]
[EndTime "17:40:30 PST"]
[Termination "pedromartinez91 won by resignation"]

1. e4 c5 2. Nf3 Nc6 3. d4 cxd4 4. Nxd4 g6 5. Nc3 Bg7 6. Nde2 Nf6 7. g3 b5 8. Bg2 Rb8 9. O-O O-O 10. Nd5 d6 11. c3 Bg4 12. h3 Be6 13. Be3 Qd7 14. Qd2 Bxh3 15. Rad1 Bxg2 16. Kxg2 Nxe4 17. Qc1 Ne5 18. Bh6 Qb7 19. Rh1 Nf6 20. Bxg7 Kxg7 21. Qh6+ Kg8 22. f3 Neg4 23. fxg4 e6 24. g5 Nh5 25. g4 exd5 26. Nd4 Nf4+ 27. Kg3 f5 28.
Kxf4 fxg4+ 29. Kg3 Rbe8 30. Rhf1 Re3+ 31. Kg2 Rfe8 32.
Rf4 Qe7 33. Rdf1 Re4 34. R1f2 g3 35. Kxg3 Rxf4 36. Rxf4 Qe1+ 37. Kg2 Qd2+ 38. Rf2 Qe3 39. Qh4 Re4 40. Qg3 Qc1 41. Rf1 Qxb2+ 42. Kh1 Qxa2 43. Kg1 Qd2 44. Nf3 Qe3+ 45. Kh1 Qxc3 46. Qf2 Rf4 47.
Qe2 Qc8 48. Nh2 Rxf1+ 49. Qxf1 b4 50. Qd3 Qc4 51. Qd2 b3 52. Qa5 b2 53. Qd8+ Kf7 54. Qf6+ Ke8 55. Qxb2 d4 56. Qb8+ Kd7 57. Qb7+ Ke6 58.
Qe4+ Kf7 59. Nf3 Qf1+ 60. Kh2 Qf2+ 61. Kh3 Qe3 62. Qb7+ Ke6 63. Kg3 d3 64. Qc8+ Kd5 65. Qb7+ Kc4 66. Qa6+ Kb3 67. Qb5+ Kc2 68. Qc4+ Kd1 69.
Qb3+ Ke2 70. Qb2+ d2 71. Qb5+ Qd3 72. Qe8+ Qe3 73. Qb5+ Qd3 74. Qe8+ Kf1 75. Qe6 Qxf3+ 76. Kxf3 d1=Q+ 77. Kf4 Qd4+ 78. Kf3 Qf2+ 79. Kg4 Qg2+ 80. Kh4 Qf2+ 81. Kh3 Qf5+ 82. Qxf5+ gxf5 83. Kh4 a5 84. Kh5 a4 85. Kh6 a3 86. Kxh7 a2 87. g6 a1=Q 88.
g7 Qxg7+ 89. Kxg7 d5 90. Kf6 d4 91. Kxf5 d3 92. Ke4 d2 93. Ke3 d1=Q 0-1

[Event "*** Titled Tuesday 3|2 Blitz"]
[Site "Chess.com"]
[Date "2015.12.01"]
[Round "4"]
[White "Anton_Demchenko"]
[Black "gumersindo"]
[Result "1-0"]
[WhiteElo "2647"]
[BlackElo "2201"]
[TimeControl "180+2"]
[EndTime "17:44:32 PST"]
[Termination "Anton_Demchenko won by resignation"]

1. e4 c6 2. d4 d5 3. Nc3 dxe4 4.
Nxe4 Bf5 5. Ng3 Bg6 6. Nf3 Nd7 7.
h4 h6 8. Bd3 Bxd3 9. Qxd3 Ngf6 10. Bf4 e6 11. O-O-O Nd5 12. Bd2 Be7 13. Nf1 Qc7 14. Ne3 Nf4 15. Qf1 Nf6 16. Kb1 O-O-O 17. Nc4 N4d5 18. Nce5 Rhf8 19. c4 Nb6 20. Bf4 c5 21.
Ng6 Qd7 22. Nxf8 Bxf8 23. dxc5 Qxd1+ 24. Qxd1 Rxd1+ 25. Rxd1 Bxc5 26. Ne5 Bxf2 27. Nxf7 Bxh4 28. Nd6+ 1-0

[Event "*** Titled Tuesday 3|2 Blitz"]
[Site "Chess.com"]
[Date "2015.12.01"]
[Round "4"]
[White "the_drake"]
[Black "Konavets"]
[Result "0-1"]
[WhiteElo "2000"]
[BlackElo "2505"]
[TimeControl "180+2"]
[EndTime "17:45:24 PST"]
[Termination "Konavets won by resignation"]

1. e4 c5 2. Nf3 d6 3. d4 cxd4 4.
Nxd4 a6 5. Nc3 Nf6 6. Be3 Ng4 7. Bg5 h6 8. Bh4 g5 9. Bg3 Bg7 10. Be2 h5 11. f3 Ne3 12. Qd3 Bxd4 13. Rc1 Nc6 14.
Nd5 Nxg2+ 15. Kf1 Bh3 16. Qa3 e6 17. Nb4 h4 18. Nxc6 bxc6 19. Bxd6 Qb6 20. c4 Bxb2 21.
Rb1 Ne3+ 22. Kf2 Ng4+ 23. Ke1 Qf2+ 24. Kd2 Bxa3 25. Bxa3 Qe3+ 0-1

[Event "*** Titled Tuesday 3|2 Blitz"]
[Site "Chess.com"]
[Date "2015.12.01"]
[Round "4"]
[White "pedromartinez91"]
[Black "Gabrinsky"]
[Result "0-1"]
[WhiteElo "2179"]
[BlackElo "2344"]
[TimeControl "180+2"]
[EndTime "17:45:55 PST"]
[Termination "Gabrinsky won on time"]

1. e4 e6 2. d4 d5 3. Nd2 a6 4. Bd3 c5 5. exd5 Qxd5 6. Ngf3 Nf6 7. dxc5 Bxc5 8. O-O O-O 9. Qe2 Nc6 10. Ne4 Be7 11. Rd1 Qh5 12. Bg5 Nxe4 13. Qxe4 Bxg5 14. Nxg5 f5 15. Qe3 f4 16. Qh3 Qxg5 17. Qxh7+ Kf7 18.
h4 Qh6 19. Qe4 Qf6 0-1

[Event "*** Titled Tuesday 3|2 Blitz"]
[Site "Chess.com"]
[Date "2015.12.01"]
[Round "4"]
[White "dawnrule"]
[Black "Ar4uha"]
[Result "1-0"]
[WhiteElo "2234"]
[BlackElo "2337"]
[TimeControl "180+2"]
[EndTime "17:46:07 PST"]
[Termination "dawnrule won by resignation"]

1. e4 d5 2. exd5 Nf6 3. Nc3 Nxd5 4. Bc4 Nb6 5. Bb3 c5 6. d3 g6 7.
Nf3 Nc6 8. Ng5 e6 9. Qf3 Qe7 10. Nge4 Nd4 11. Qg3 Bg7 12. Nd6+ Kf8 13. Nde4 Bd7 14.
Bf4 e5 15. Bd2 Rc8 16. O-O-O c4 17. dxc4 Nxc4 18. Bxc4 Rxc4 19. Kb1 Bf5 20. f3 h6 21. Nd5 Qc5 22. Nxc5 Rxc2 23. Ne4 h5 24. Bb4+ Ke8 25. Rxd4 1-0